TOP OF THE 1ST |
Ottawa Nationals batting - Pitching for Myrtle Beach Mermen : RHP Alberto Mendoza
|
Pitching: RHP Alberto Mendoza
|
|
Batting: RHB Miguel González
|
0-0: Foul Ball, location: 2F 0-1: Swinging Strike 0-2: Strikes out swinging
|
Batting: RHB Juan Román
|
0-0: Ball 1-0: Foul Ball, location: 2F 1-1: Foul Ball, location: 2F 1-2: Fly out, F6 (Popup, 6D)
|
Batting: LHB Armando Reyes
|
0-0: Ground out 4-3 (Groundball, 4)
|
Top of the 1st over - 0 run(s), 0 hit(s), 0 error(s), 0 left on base; Ottawa 0 - Myrtle Beach 0 |
BOTTOM OF THE 1ST |
Myrtle Beach Mermen batting - Pitching for Ottawa Nationals : LHP Ken Clarke
|
Pitching: LHP Ken Clarke
|
|
Batting: RHB Pancho Núñez
|
0-0: Ball 1-0: Ball 2-0: Ground out 4-3 (Groundball, 4)
|
Batting: LHB Juan Villanueva
|
0-0: Ball 1-0: Foul Ball, location: 2F 1-1: Called Strike 1-2: SINGLE (Groundball, 6MS) (infield hit)
|
Batting: RHB Zeus Preckwinkle
|
0-0: Ball Juan Villanueva steals 2nd base 1-0: Called Strike 1-1: SINGLE (Line Drive, 89S) Juan Villanueva to third
|
Batting: LHB Dewitt Hopper
|
0-0: Ball 1-0: Ball 2-0: Called Strike 2-1: DOUBLE (Line Drive, 8LXD) Juan Villanueva scores Zeus Preckwinkle to third Runner from 3rd tries for Home, throw and OUT!
|
Batting: RHB Maik Palen
|
0-0: Fly out, F8 (Line Drive, 89M)
|
Bottom of the 1st over - 1 run(s), 3 hit(s), 0 error(s), 1 left on base; Ottawa 0 - Myrtle Beach 1 |
TOP OF THE 2ND |
Ottawa Nationals batting - Pitching for Myrtle Beach Mermen : RHP Alberto Mendoza
|
Batting: RHB Markus Thompson
|
0-0: Swinging Strike 0-1: Called Strike 0-2: Ball 1-2: Ball 2-2: Foul Ball, location: 2F 2-2: Foul Ball, location: 2F 2-2: Foul Ball, location: 2F 2-2: Foul Ball, location: 2F 2-2: Ball 3-2: Base on Balls
|
Batting: RHB Brandon Carroll
|
0-0: Ball 1-0: Foul Ball, location: 2F 1-1: Foul Ball, location: 2F 1-2: Ball 2-2: Foul Ball, location: 2F 2-2: Ball 3-2: Foul Ball, location: 2F 3-2: Grounds into double play, 6-4-3 (Groundball, 6)
|
Batting: RHB Duane Wills
|
0-0: Called Strike 0-1: Ball 1-1: Called Strike 1-2: Strikes out looking
|
Top of the 2nd over - 0 run(s), 0 hit(s), 0 error(s), 0 left on base; Ottawa 0 - Myrtle Beach 1 |
BOTTOM OF THE 2ND |
Myrtle Beach Mermen batting - Pitching for Ottawa Nationals : LHP Ken Clarke
|
Batting: LHB Philip Strickland
|
0-0: Ball 1-0: Ball 2-0: Ball 3-0: Base on Balls
|
Batting: RHB Sergio Pérez
|
0-0: Ball 1-0: Called Strike 1-1: Foul Ball, location: 2F 1-2: Ball 2-2: Ball 3-2: TRIPLE (Groundball, 3L) Philip Strickland scores
|
Batting: RHB Sal Haynes
|
0-0: Fly out, F9 (Flyball, 9D) Runner from 3rd tags up, SCORES, no throw
|
Batting: SHB David Vázquez
|
0-0: Fly out, F8 (Flyball, 8LM)
|
Batting: RHB Pancho Núñez
|
0-0: Ball 1-0: Ball 2-0: Ball 3-0: Called Strike 3-1: Base on Balls
|
Batting: LHB Juan Villanueva
|
0-0: Fielders Choice at 2nd, 6-4 (Groundball, 6)
|
Bottom of the 2nd over - 2 run(s), 1 hit(s), 0 error(s), 0 left on base; Ottawa 0 - Myrtle Beach 3 |
TOP OF THE 3RD |
Ottawa Nationals batting - Pitching for Myrtle Beach Mermen : RHP Alberto Mendoza
|
Batting: RHB Tomás Bermúdez
|
0-0: Called Strike 0-1: Called Strike 0-2: Foul Ball, location: 2F 0-2: Foul Ball, location: 2F 0-2: Ball 1-2: Ground out 5-3 (Groundball, 5)
|
Batting: RHB Ernest Daniels
|
0-0: Ball 1-0: Ball 2-0: Ball 3-0: Called Strike 3-1: Called Strike 3-2: Foul Ball, location: 2F 3-2: Strikes out swinging
|
Batting: RHB Elia Amberezzio
|
0-0: Called Strike 0-1: Ball 1-1: Swinging Strike 1-2: Foul Ball, location: 2F 1-2: Strikes out looking
|
Top of the 3rd over - 0 run(s), 0 hit(s), 0 error(s), 0 left on base; Ottawa 0 - Myrtle Beach 3 |
BOTTOM OF THE 3RD |
Myrtle Beach Mermen batting - Pitching for Ottawa Nationals : LHP Ken Clarke
|
Batting: RHB Zeus Preckwinkle
|
0-0: Swinging Strike 0-1: Foul Ball, location: 2F 0-2: Fly out, F4 (Popup, 34)
|
Batting: LHB Dewitt Hopper
|
0-0: Called Strike 0-1: Ball 1-1: Called Strike 1-2: Strikes out swinging
|
Batting: RHB Maik Palen
|
0-0: Called Strike 0-1: SINGLE (Line Drive, 89S)
|
Batting: LHB Philip Strickland
|
0-0: Called Strike 0-1: Fly out, F5 (Line Drive, 56)
|
Bottom of the 3rd over - 0 run(s), 1 hit(s), 0 error(s), 1 left on base; Ottawa 0 - Myrtle Beach 3 |
TOP OF THE 4TH |
Ottawa Nationals batting - Pitching for Myrtle Beach Mermen : RHP Alberto Mendoza
|
Batting: RHB Miguel González
|
0-0: Swinging Strike 0-1: Hit by Pitch
|
Batting: RHB Juan Román
|
0-0: Foul Ball, location: 2F 0-1: Ball 1-1: Ball 2-1: Ball 3-1: Grounds into double play, 6-4-3 (Groundball, 6)
|
Batting: LHB Armando Reyes
|
0-0: SINGLE (Line Drive, 3D)
|
Batting: RHB Markus Thompson
|
0-0: Ball 1-0: Called Strike 1-1: Ball Armando Reyes is caught stealing 2nd base
|
Top of the 4th over - 0 run(s), 1 hit(s), 0 error(s), 0 left on base; Ottawa 0 - Myrtle Beach 3 |
BOTTOM OF THE 4TH |
Myrtle Beach Mermen batting - Pitching for Ottawa Nationals : LHP Ken Clarke
|
Batting: RHB Sergio Pérez
|
0-0: Foul Ball, location: 2F 0-1: Ground out 6-3 (Groundball, 6)
|
Batting: RHB Sal Haynes
|
0-0: Ball 1-0: Foul Ball, location: 2F 1-1: Called Strike 1-2: Ground out 6-3 (Groundball, 6S)
|
Batting: SHB David Vázquez
|
0-0: Ball 1-0: Ground out 6-3 (Groundball, 6D)
|
Bottom of the 4th over - 0 run(s), 0 hit(s), 0 error(s), 0 left on base; Ottawa 0 - Myrtle Beach 3 |
TOP OF THE 5TH |
Ottawa Nationals batting - Pitching for Myrtle Beach Mermen : RHP Alberto Mendoza
|
Batting: RHB Markus Thompson
|
0-0: Ball 1-0: Foul Ball, location: 2F 1-1: Called Strike 1-2: Foul Ball, location: 2F 1-2: Ball 2-2: Foul Ball, location: 2F 2-2: Strikes out swinging
|
Batting: RHB Brandon Carroll
|
0-0: Swinging Strike 0-1: Ball 1-1: Ball 2-1: Called Strike 2-2: Foul Ball, location: 2F 2-2: Foul Ball, location: 2F 2-2: Strikes out swinging
|
Batting: RHB Duane Wills
|
0-0: Ball 1-0: Ball 2-0: Called Strike 2-1: Foul Ball, location: 2F 2-2: Foul Ball, location: 2F 2-2: SINGLE (Groundball, 15S) (infield hit)
|
Batting: RHB Tomás Bermúdez
|
0-0: Ball 1-0: Foul Ball, location: 2F 1-1: Ball 2-1: Foul Ball, location: 2F 2-2: Fielders Choice at 2nd, 5-4 (Groundball, 5L)
|
Top of the 5th over - 0 run(s), 1 hit(s), 0 error(s), 0 left on base; Ottawa 0 - Myrtle Beach 3 |
BOTTOM OF THE 5TH |
Myrtle Beach Mermen batting - Pitching for Ottawa Nationals : LHP Ken Clarke
|
Batting: RHB Pancho Núñez
|
0-0: Ball 1-0: SINGLE (Groundball, 4MD)
|
Batting: LHB Juan Villanueva
|
0-0: Ball 1-0: Bunt missed! 1-1: Ball 2-1: Bunted foul 2-2: DOUBLE (Line Drive, 8LXD) Pancho Núñez to third
|
Batting: RHB Zeus Preckwinkle
|
0-0: Ball 1-0: Foul Ball, location: 2F 1-1: Ball 2-1: Ball 3-1: Base on Balls
|
Batting: LHB Dewitt Hopper
|
0-0: Fly out, F6 (Popup, 56D)
|
Batting: RHB Maik Palen
|
0-0: Swinging Strike 0-1: Ball 1-1: Ball 2-1: Called Strike 2-2: Fly out, F8 (Flyball, 8LXD) Runner from 3rd tags up, SCORES, no throw Juan Villanueva to third
|
Batting: LHB Philip Strickland
|
0-0: Called Strike 0-1: Swinging Strike 0-2: Strikes out swinging
|
Bottom of the 5th over - 1 run(s), 2 hit(s), 0 error(s), 2 left on base; Ottawa 0 - Myrtle Beach 4 |
TOP OF THE 6TH |
Ottawa Nationals batting - Pitching for Myrtle Beach Mermen : RHP Alberto Mendoza
|
Batting: RHB Ernest Daniels
|
0-0: Ball 1-0: Called Strike 1-1: Called Strike 1-2: Strikes out swinging
|
Batting: RHB Elia Amberezzio
|
0-0: SINGLE (Line Drive, 56)
|
Batting: RHB Miguel González
|
0-0: Reached on error, E5 (Groundball, 56) Elia Amberezzio to second
|
Batting: RHB Juan Román
|
0-0: Fly out, F9 (Flyball, 9S)
|
Batting: LHB Armando Reyes
|
0-0: Ball 1-0: Fly out, F9 (Flyball, 9D)
|
Top of the 6th over - 0 run(s), 1 hit(s), 1 error(s), 2 left on base; Ottawa 0 - Myrtle Beach 4 |
BOTTOM OF THE 6TH |
Myrtle Beach Mermen batting - Pitching for Ottawa Nationals : LHP Ken Clarke
|
Batting: RHB Sergio Pérez
|
0-0: Foul Ball, location: 2F 0-1: Ball 1-1: Ball 2-1: Ball 3-1: Ground out 5-3 (Groundball, 5L)
|
Batting: RHB Sal Haynes
|
0-0: Fly out, F8 (Flyball, 8RS)
|
Batting: SHB David Vázquez
|
0-0: Foul Ball, location: 2F 0-1: Ball 1-1: Ball 2-1: Called Strike 2-2: Ball 3-2: SINGLE (Line Drive, 8LS)
|
Batting: RHB Pancho Núñez
|
Pickoff Throw to First - Out!
|
Bottom of the 6th over - 0 run(s), 1 hit(s), 0 error(s), 0 left on base; Ottawa 0 - Myrtle Beach 4 |
TOP OF THE 7TH |
Ottawa Nationals batting - Pitching for Myrtle Beach Mermen : RHP Alberto Mendoza
|
Batting: RHB Markus Thompson
|
0-0: Ball 1-0: Ball 2-0: Ball 3-0: Base on Balls
|
Batting: RHB Brandon Carroll
|
0-0: Foul Ball, location: 2F 0-1: Foul Ball, location: 2F 0-2: Strikes out swinging
|
Batting: RHB Duane Wills
|
0-0: Swinging Strike 0-1: Ball 1-1: Ball 2-1: Called Strike 2-2: Strikes out looking
|
Batting: RHB Tomás Bermúdez
|
0-0: Called Strike Markus Thompson is caught stealing 2nd base
|
Top of the 7th over - 0 run(s), 0 hit(s), 0 error(s), 0 left on base; Ottawa 0 - Myrtle Beach 4 |
BOTTOM OF THE 7TH |
Myrtle Beach Mermen batting - Pitching for Ottawa Nationals : LHP Ken Clarke
|
Batting: RHB Pancho Núñez
|
0-0: Ball 1-0: Fly out, F8 (Flyball, 8RS)
|
Batting: LHB Juan Villanueva
|
0-0: Ground out 3-1 (Groundball, 23)
|
Batting: RHB Zeus Preckwinkle
|
0-0: Ball 1-0: Ground out 6-3 (Groundball, 6)
|
Bottom of the 7th over - 0 run(s), 0 hit(s), 0 error(s), 0 left on base; Ottawa 0 - Myrtle Beach 4 |
TOP OF THE 8TH |
Ottawa Nationals batting - Pitching for Myrtle Beach Mermen : RHP Alberto Mendoza
|
Batting: RHB Tomás Bermúdez
|
0-0: Ball 1-0: Called Strike 1-1: SINGLE (Groundball, 4D)
|
Batting: RHB Ernest Daniels
|
0-0: Ball 1-0: Fly out, F7 (Flyball, 7)
|
Pitching: LHP Esteban Jiménez
|
|
Batting: RHB Elia Amberezzio
|
0-0: Ball 1-0: SINGLE (Flyball, 8RS) Tomás Bermúdez to second Runner from 2nd tries for 3rd, SAFE, no throw
|
Pitching: RHP David Gómez
|
|
Batting: RHB Miguel González
|
0-0: SINGLE (Line Drive, 4D) Tomás Bermúdez scores Elia Amberezzio to second Runner from 2nd tries for 3rd, SAFE, no throw
|
Batting: RHB Juan Román
|
0-0: Called Strike 0-1: Foul Ball, location: 2F 0-2: Ball 1-2: Ball 2-2: Strikes out swinging
|
Pitching: LHP Francisco Gonsáles
|
|
Batting: LHB Armando Reyes
|
0-0: Ball 1-0: Fly out, F3 (Line Drive, 3S)
|
Top of the 8th over - 1 run(s), 3 hit(s), 0 error(s), 2 left on base; Ottawa 1 - Myrtle Beach 4 |
BOTTOM OF THE 8TH |
Myrtle Beach Mermen batting - Pitching for Ottawa Nationals : LHP Ken Clarke
|
Batting: LHB Dewitt Hopper
|
0-0: Ball 1-0: Ball 2-0: SOLO HOME RUN (Flyball, 89XD), Distance : 415 ft
|
Batting: RHB Maik Palen
|
0-0: Ball 1-0: Called Strike 1-1: Foul Ball, location: 2F 1-2: Fly out, F8 (Flyball, 8RS)
|
Pitching: RHP Gabriel Rentería
|
|
Batting: LHB Philip Strickland
|
0-0: Ball 1-0: Fly out, F8 (Line Drive, 8LM)
|
Batting: RHB Sergio Pérez
|
0-0: Ball 1-0: Ball 2-0: Called Strike 2-1: Ground out 6-3 (Groundball, 6M)
|
Bottom of the 8th over - 1 run(s), 1 hit(s), 0 error(s), 0 left on base; Ottawa 1 - Myrtle Beach 5 |
TOP OF THE 9TH |
Ottawa Nationals batting - Pitching for Myrtle Beach Mermen : LHP Francisco Gonsáles
|
Batting: RHB Markus Thompson
|
0-0: Ball 1-0: Ball 2-0: Ball 3-0: Called Strike 3-1: Foul Ball, location: 2F 3-2: Base on Balls
|
Batting: RHB Brandon Carroll
|
0-0: Ball 1-0: Called Strike 1-1: Ball 2-1: Foul Ball, location: 2F 2-2: Ball 3-2: Base on Balls Markus Thompson to second
|
Pitching: LHP Pedro Aquino
|
|
Batting: RHB Duane Wills
|
0-0: Foul Ball, location: 2F 0-1: Ball Wild Pitch! Markus Thompson to third Brandon Carroll to second 1-1: Ball 2-1: Ball 3-1: Base on Balls
|
Pinch Hitting: RHB Michael Peterson
|
0-0: Ball 1-0: Foul Ball, location: 2F 1-1: Called Strike 1-2: Strikes out looking
|
Pinch Hitting: RHB Warren Martin
|
0-0: Ball 1-0: Ball 2-0: Called Strike 2-1: Ball 3-1: Swinging Strike 3-2: Base on Balls Markus Thompson scores Brandon Carroll to third Duane Wills to second
|
Batting: RHB Elia Amberezzio
|
0-0: Ball 1-0: Called Strike 1-1: Foul Ball, location: 2F 1-2: Ball 2-2: Strikes out swinging
|
Batting: RHB Miguel González
|
0-0: Ball 1-0: Foul Ball, location: 2F 1-1: Fly out, F7 (Flyball, 7LM)
|
Top of the 9th over - 1 run(s), 0 hit(s), 0 error(s), 3 left on base; Ottawa 2 - Myrtle Beach 5 |
|